 Dungeon Crawl Stone Soup version 0.24-a0-378-g94936e5 (webtiles) character file.

Game seed: 13391303827232603841

18 topirishpotato the Sneak (level 2, -1/22 HPs)
             Began as a Demonspawn Assassin on June 2, 2019.
             Hit by a boomerang thrown by a goblin (3 damage)
             ... on level 1 of the Dungeon.
             The game lasted 00:01:14 (622 turns).

topirishpotato the Sneak (Demonspawn Assassin)       Turns: 622, Time: 00:01:14

Health: -1/22      AC:  3    Str: 11    XL:     2   Next: 51%
Magic:  2/2        EV: 12    Int: 12    God:
Gold:   15         SH:  0    Dex: 14    Spells: 1/1 levels left

rFire    + . .     SeeInvis .   a - +2 dagger
rCold    . . .     Gourm    .   (no shield)
rNeg     . . .     Faith    .   b - +0 robe
rPois    .         Spirit   .   (no helmet)
rElec    .         Reflect  .   c - +0 cloak
rCorr    .         Harm     .   (no gloves)
MR       .....                  (no boots)
Stlth    +++.......             (no amulet)
HPRegen  0.07/turn              g - ring of protection from fire
MPRegen  0.08/turn              (no ring)

@: no status effects
A: claws 1
a: no special abilities


You were on level 1 of the Dungeon.
You were not hungry.

You visited 1 branch of the dungeon, and saw 1 of its levels.

You collected 15 gold pieces.

Inventory:

Hand Weapons
 a - a +2 dagger (weapon)
Missiles
 d - 4 poisoned darts (quivered)
 e - 2 curare-tipped darts
Armour
 b - a +0 robe (worn)
 c - a +0 cloak (worn)
Jewellery
 g - a ring of protection from fire (left claw)
Comestibles
 f - a ration


   Skills:
 + Level 2.0 Fighting
 * Level 2.1 Short Blades
 - Level 1.7 Throwing
 + Level 0.9 Dodging
 + Level 4.1 Stealth


You had one spell level left.
You didn't know any spells.
Your spell library was empty.

Dungeon Overview and Level Annotations

Branches:
Dungeon (1/15)

Altars:


Innate Abilities, Weirdness & Mutations

You have sharp fingernails.


Message History

You hit the bat.
The bat is heavily wounded.
The bat hits you but does no damage. The bat hits you.
* * * LOW HITPOINT WARNING * * *
The bat barely misses you. The bat barely misses you.
You hit the bat.
You kill the bat!
The goblin throws a boomerang.
The boomerang misses you.
The weapon returns to the goblin!
The goblin throws a boomerang.
The boomerang barely misses you.
The weapon returns to the goblin!
A rat comes into view.
The goblin throws a boomerang.
The boomerang misses you.
The weapon returns to the goblin!
Found a stone staircase leading down.
The goblin throws a boomerang.
The boomerang completely misses you.
The weapon returns to the goblin!
The goblin throws a boomerang.
The boomerang hits you.
You die...

...........#........#
.....####.##.#......#
.....# #).#.#......#
.#.### ##.#.#.###+###
... ...
##.#.#.......######...
.. ..................
... b
###.##.#.#.####.####.#
. #(.................#
..
##.###@#.#.##.####.#
.. #g.##.#(#.##.#
#.#...
##.##.#.#.##.####.#...
#.##.#.(.g.).........
#.##.###.##....÷)#...
#..#.# ####.###..#...
##.#.######.###÷.####
#.g.#............#
##..#............#


You could see a goblin.

Vanquished Creatures
  A giant cockroach (D:1)
  A goblin (D:1)
  2 hobgoblins (D:1)
  7 jackals (D:1)
  A kobold (D:1)
  2 bats (D:1)
14 creatures vanquished.

Notes
Turn   | Place    | Note
-------+----------+-------------------------------------------
     0 | D:1      | topirishpotato the Demonspawn Assassin began the quest for
                  | the Orb.
     0 | D:1      | Reached XP level 1. HP: 16/16 MP: 1/1
   240 | D:1      | Reached skill level 4 in Stealth
   241 | D:1      | Gained mutation: You have sharp fingernails. [demonic
                  | ancestry]
   241 | D:1      | Reached XP level 2. HP: 17/22 MP: 2/2
   264 | D:1      | HP: 1/22 [jackal (3)]
   603 | D:1      | HP: 1/22 [bat (1)]
   608 | D:1      | HP: 1/22 [bat (1)]
   622 | D:1      | Hit by a boomerang thrown by a goblin

Levels and vault maps discovered:
D:1:      eino_arrival_tree_alley, layout_basic

Skill      XL: |  1 |
---------------+----+-----
Short Blades   | 2 |  2.1
Stealth        | 4 |  4.1
Fighting       | |  2.0
Throwing       | |  1.7
Dodging        | |  0.9

Action                   || total
-------------------------++-------
Melee: Dagger            ||    61
Throw: Dart              ||     7
Armor: Robe              ||    36
Dodge: Dodged            ||    76

Table legend:
 A = Non-vault XP
 B = Vault XP
 C = Vault XP percentage of total XP
 D = Non-vault monster count
 E = Vault monster count
 F = Vault count percentage of total count
                 A         B        C        D         E       F
            +---------+---------+-------+---------+---------+-------
      Total |      27 |       0 |   0.0 |      14 |       0 |   0.0
            +---------+---------+-------+---------+---------+-------
        D:1 |      27 |       0 |   0.0 |      14 |       0 |   0.0
            +---------+---------+-------+---------+---------+-------
